[Event "Late-Titled-Tuesday-Blitz-May-07-2024"]
[Site "Chess.com"]
[Date "2024.05.07"]
[Round "6"]
[White "PhileKhoob"]
[Black "Nf3c5"]
[Result "0-1"]
[WhiteElo "2342"]
[BlackElo "2627"]
[TimeControl "180+1"]
[EndTime "15:07:57 PDT"]
[Termination "Nf3c5 won on time"]

1. Nf3 e6 2. g3 b6 3. Bg2 Bb7 4. c4 f5 5. O-O Nf6 6. d3 Be7 7. Nc3 O-O 8. Qc2 a5 9. e4 fxe4 10. dxe4 Nc6 11. Be3 e5 12. a3 Bc5 13. Qd3 d6 14. Nd5 Nxd5 15. exd5 Ne7 16. Ng5 Ng6 17. h4 Rf6 18. Nxh7 Kxh7 19. h5 Kg8 20. hxg6 Qe8 21. Be4 Bxe3 22. fxe3 Qe7 23. Qe2 Raf8 24. Qh5 Rxf1+ 25.
Rxf1 Rxf1+ 26. Kxf1 Qf6+ 27. Bf5 Kf8 28. e4 Ke7 29. Qh8 Qf8 30. Qh5 Bc8 31. Qh4+ Ke8 32. g4 Ba6 33. Kf2 Qe7 34. Qh8+ Qf8 35. Qh7 Bxc4 36.
Kg3 Bb5 37. Qh4 Bd7 38. Qh1 Bxf5 39. gxf5 Kd7 40. Qc1 Qf6 41. Qc6+ Kd8 42. Kg4 Qf8 43. Qa8+ Ke7 44. Qb7 Kd7 45. Qc6+ Kd8 46. Qb5 Qh8 47. Qc6 Qh1 48. Qa8+ Ke7 49. Qc8 Qxe4+ 50. Kg3 Qe3+ 51. Kg2 Qg5+ 52. Kf2 Qf4+ 53. Ke2 Qe4+ 54. Kd2 Qxd5+ 55. Kc1 Qc6+ 56. Kb1 Qd7 57. Qg8 Kf6 58. Qf8+ Kg5 59. f6 Qf5+ 60. Ka1 Qxf6 61. Qe8 Qxg6 62. Qe7+ Qf6 63.
Qxc7 e4 64. Qxb6 Qe5 65. Qe3+ Kf5 66. Qf2+ Ke6 67. Qe3 d5 68. Qb6+ Kf5 69. Qf2+ Qf4 70. Qc5 Qf1+ 0-1

[Event "Late-Titled-Tuesday-Blitz-May-07-2024"]
[Site "Chess.com"]
[Date "2024.05.07"]
[Round "6"]
[White "GM_dmitrij"]
[Black "KuzubovYuriy"]
[Result "1/2-1/2"]
[WhiteElo "3044"]
[BlackElo "2958"]
[TimeControl "180+1"]
[EndTime "15:08:04 PDT"]
[Termination "Game drawn by repetition"]

1. e4 e6 2. d4 d5 3. Nc3 Bb4 4. Ne2 dxe4 5. a3 Be7 6. Nxe4 b6 7. g3 Bb7 8. Bg2 Qc8 9. O-O Nd7 10. c4 Ngf6 11. N2c3 O-O 12. Re1 Nxe4 13. Nxe4 Nf6 14. Bg5 Nxe4 15. Bxe7 Re8 16. Bb4 Nf6 17. Bc3 Bxg2 18. Kxg2 Qb7+ 19. Qf3 Qxf3+ 20. Kxf3 Nd7 21. b4 c6 22. a4 a6 23. Rad1 Rac8 24. Re3 Kf8 25.
Bb2 f6 26. Ra1 Ra8 27. Rd3 Kf7 28. h3 Rec8 29. Rda3 a5 30. bxa5 Rxa5 31. Bc3 Ra6 32.
Ke3 Rca8 33. Kd3 Ke7 34. f4 Kd6 35. g4 c5 36. Kc2 cxd4 37. Bxd4 Nc5 38. Bxc5+ Kxc5 39. Kc3 Rd8 40. Rb1 Kc6 41. Rb5 Rd1 42. a5 Rf1 43. Rxb6+ Rxb6 44. axb6 Kxb6 45. Ra8 Rxf4 46. Kb4 Rf3 47. Rg8 g5 48. c5+ Kc6 49. Rc8+ Kd7 50. Rf8 f5 51. Rg8 fxg4 52. hxg4 h6 53. Kb5 Rb3+ 54.
Kc4 Rb1 55. Rg6 Re1 56. Rxh6 Kc6 57. Kd4 Kb5 58. Rg6 Rd1+ 59. Ke3 Kxc5 60. Rxg5+ Kd6 61. Rg7 Ke5 62. Rf7 Ra1 63. Kf2 Ra4 64. Kg3 Ra3+ 65. Kh4 Ra1 66. g5 Rh1+ 67. Kg4 Kd4 68. Rd7+ Ke4 69.
g6 Rg1+ 70. Kh5 e5 71. g7 Kf5 72. Rf7+ Ke6 73. Ra7 e4 74. Kh6 e3 75. Ra3 e2 76.
Re3+ Kf6 77. Rf3+ Ke6 78. Re3+ Kf7 79. Rf3+ Ke6 80. Re3+ 1/2-1/2

[Event "Late-Titled-Tuesday-Blitz-May-07-2024"]
[Site "Chess.com"]
[Date "2024.05.07"]
[Round "6"]
[White "kingofthenil"]
[Black "dolynachess"]
[Result "1/2-1/2"]
[WhiteElo "2840"]
[BlackElo "2543"]
[TimeControl "180+1"]
[EndTime "15:08:07 PDT"]
[Termination "Game drawn by repetition"]

1. Nf3 Nf6 2. g3 c5 3. Bg2 g6 4. O-O Bg7 5. c3 O-O 6. d4 d5 7.
dxc5 Nc6 8. a4 a5 9. Ne1 e5 10. Nd3 Be6 11. Na3 Ne4 12. Nb5 Qe7 13. b4 Nxc3 14. Nxc3 e4 15. Bb2 exd3 16. b5 Nb4 17.
exd3 Qxc5 18. Rc1 Qd4 19. Ba1 Qxd3 20. Qxd3 Nxd3 21. Rcd1 Nb4 22. Ne2 Bxa1 23. Rxa1 Rac8 24. Nd4 Rc4 25. Rad1 Rd8 26. Rd2 Kf8 27. Re1 Rd6 28.
h4 h5 29. Bf1 Rc3 30. Ra1 Ke7 31. Bg2 Kf6 32. Re1 Rc4 33. Nf3 Rc3 34. Ng5 Rc4 35. Nh7+ Kg7 36. Ng5 Kf6 37. Re3 Nc2 38. Rf3+ Ke7 39.
Rfd3 Nb4 40. Re3 Nc2 41. Ree2 Nd4 42. Re1 Rxa4 43. b6 Rb4 44. Red1 Nb3 45. Rc2 a4 46. Rc7+ Rd7 47. Rxd7+ Kxd7 48. Bxd5 Bxd5 49. Rxd5+ Kc6 50. Rd8 a3 51. Ra8 Rxb6 52. Rxa3 Nc5 53. Nxf7 Rb2 54. Ne5+ Kd5 55. Nxg6 b5 56. Nf4+ Kc6 57. Rc3 b4 58. Rxc5+ Kxc5 59. Nd3+ Kd4 60. Nxb2 Kc3 61. Na4+ Kb3 62.
Nc5+ Kc4 63. Ne4 Kd4 64. Nd2 Kc3 65. Ne4+ Kd4 66. Nd2 Kc3 67. Nf1 b3 68. Ne3 Kd3 69. Nd1 Kc2 70. Ne3+ Kd3 71. Nd1 Kc2 72. Ne3+ Kd3 1/2-1/2

[Event "Late-Titled-Tuesday-Blitz-May-07-2024"]
[Site "Chess.com"]
[Date "2024.05.07"]
[Round "6"]
[White "Firouzja2003"]
[Black "Gareth-Bale11"]
[Result "1-0"]
[WhiteElo "3192"]
[BlackElo "2897"]
[TimeControl "180+1"]
[EndTime "15:08:09 PDT"]
[Termination "Firouzja2003 won by checkmate"]

1. e4 c5 2. Nf3 Nc6 3. Bb5 e6 4. O-O Nd4 5. Nxd4 cxd4 6. c3 a6 7. Bd3 Bc5 8. b4 Ba7 9. a4 d5 10. e5 Ne7 11. Qg4 dxc3 12. dxc3 Ng6 13. Re1 Bd7 14.
Nd2 Rc8 15. Ra3 Qh4 16. Qg3 Qxg3 17. hxg3 O-O 18. Nf3 Rc7 19. Bxg6 hxg6 20. Be3 Bxe3 21. Rxe3 a5 22. b5 f6 23. Nd4 Kf7 24. f4 b6 25.
Kf2 Rh8 26. Ra1 Rhc8 27. Ra3 Rh8 28. g4 Rh4 29. Kg3 Rh1 30. Nf3 Ke7 31. exf6+ gxf6 32. g5 fxg5 33. Nxg5 Kd6 34. Nf7+ Kc5 35. Ne5 Be8 36.
Kg4 Kd6 37. c4 dxc4 38. Rac3 Kd5 39. Re2 Rd1 40. Rec2 Rd4 41. Kg5 Re4 42. g3 Rd4 43.
Kf6 Re4 44. Rd2+ Rd4 45. Rh2 Rd1 46. Rh8 Rc8 47. Nxc4 Kd4 48. Nb2 Rxc3 49. Nxd1 Rxg3 50. Rxe8 Rg4 51. Rxe6 Rxf4+ 52. Ke7 Kd3 53. Rxb6 Kc2 54. Rd6 Rxa4 55. b6 Rb4 56. Ne3+ Kb3 57. Nd5 Rb5 58.
Nc7 Rb4 59. Nd5 Rb5 60. Kd7 a4 61. Kc6 a3 62. Kxb5 a2 63. b7 a1=Q 64. b8=Q Kc2 65. Nb4+ Kc1 66. Qc7+ Kb1 67. Qc2# 1-0

[Event "Late-Titled-Tuesday-Blitz-May-07-2024"]
[Site "Chess.com"]
[Date "2024.05.07"]
[Round "6"]
[White "Smiechu"]
[Black "ChessSwole"]
[Result "1-0"]
[WhiteElo "2460"]
[BlackElo "2621"]
[TimeControl "180+1"]
[EndTime "15:08:09 PDT"]
[Termination "Smiechu won by checkmate"]

1. e4 c5 2. Nf3 e6 3. d4 cxd4 4. Nxd4 Nc6 5. Nc3 Qc7 6. Be3 a6 7. Bd3 Nf6 8. O-O Bd6 9. f4 Nxd4 10. e5 Bxe5 11. fxe5 Qxe5 12. Qd2 Nc6 13. Rae1 Ng4 14.
Bf4 Qc5+ 15. Kh1 d5 16. Bf5 Nf6 17. Bg5 Bd7 18. a3 O-O-O 19. b4 Qd4 20. Bd3 e5 21.
Be3 Qh4 22. b5 axb5 23. Nxb5 d4 24. Bf2 Qh5 25. Be2 Bg4 26. Bxg4+ Nxg4 27. Bg1 Rd5 28. a4 Rhd8 29. Qe2 f5 30. Qf3 g6 31. h3 Nf6 32. Bh2 Qxf3 33. Rxf3 Ne4 34. Rb3 Nd2 35. Rg3 e4 36. Ra3 Nc4 37. Rg3 N6e5 38. Rb3 d3 39. cxd3 exd3 40. Rd1 Ne3 41. Rc3+ Nc6 42. Na7+ Kd7 43.
Rcxd3 Ke6 44. Rxe3+ Kf7 45. Rxd5 Rxd5 46. Nxc6 bxc6 47.
Bg1 Rd1 48. Kh2 Ra1 49. Rc3 Rxa4 50. Rxc6 h5 51. Bf2 Ra2 52. h4 Ra4 53. g3 f4 54. gxf4 Rxf4 55. Bg3 Rg4 56. Kg2 Ke7 57. Kf3 Kd7 58. Rc5 Ke6 59. Rg5 Ra4 60. Rxg6+ Kf7 61. Rg5 Ra3+ 62. Kf4 Kf6 63. Rxh5 Ra4+ 64. Kf3 Kg6 65.
Rg5+ Kh6 66. Rb5 Ra3+ 67. Kg4 Ra4+ 68. Bf4+ Kh7 69. h5 Ra7 70. Kg5 Rd7 71. Rc5 Rd3 72. Rc7+ Kg8 73. Kg6 Rd8 74. Bg5 Ra8 75. Bf6 Kf8 76.
h6 Ra2 77. Rc8# 1-0

[Event "Late-Titled-Tuesday-Blitz-May-07-2024"]
[Site "Chess.com"]
[Date "2024.05.07"]
[Round "6"]
[White "balack95"]
[Black "sammartin99"]
[Result "1/2-1/2"]
[WhiteElo "2504"]
[BlackElo "2332"]
[TimeControl "180+1"]
[EndTime "15:08:17 PDT"]
[Termination "Game drawn by stalemate"]

1. c4 Nf6 2. Nc3 g6 3. e4 d6 4.
d3 Bg7 5. g3 c5 6. Bg2 O-O 7.
Nge2 Nc6 8. O-O e5 9. h3 Be6 10. Kh2 Qd7 11. f4 Nh5 12. f5 gxf5 13. Ng1 Nf6 14. exf5 Bxf5 15. Bg5 Ne8 16. Nd5 f6 17. Be3 Bg6 18. Nf3 Nc7 19. Nh4 Nxd5 20. Bxd5+ Bf7 21. Qf3 Ne7 22. Bxf7+ Rxf7 23. g4 d5 24. Bxc5 d4 25.
Bxe7 Qxe7 26. Nf5 Qb4 27. Rf2 Raf8 28. Raf1 b5 29. b3 bxc4 30. dxc4 a5 31. Qd5 a4 32. g5 axb3 33. axb3 Kh8 34. Nd6 Rd7 35. gxf6 Bh6 36. Qxe5 Qxd6 37. Qxd6 Rxd6 38. b4 Rd7 39. c5 d3 40. b5 d2 41. Rd1 Rd5 42. f7 Kg7 43. Rf6 Rxf7 44. Rc6 Be3 45. b6 Rf8 46. Rc7+ Rf7 47.
Rxf7+ Kxf7 48. b7 Bf4+ 49. Kg2 Bb8 50. c6 Rc5 51. Rxd2 Rxc6 52. Rd7+ Ke6 53. Rd8 Rc2+ 54. Kf3 Be5 55. b8=Q Bxb8 56. Rxb8 Kf6 57. Kg4 Kg6 58. Rb6+ Kg7 59. h4 Rc4+ 60. Kg5 Rc5+ 61. Kf4 Rc4+ 62. Kg3 Rc3+ 63. Kf2 Rc2+ 64. Ke3 Rh2 65. Rb4 Kh6 66.
Kf3 Rh1 67. Kg3 Rc1 68. Kg4 Rc6 69. Rb5 Rc4+ 70. Kg3 Ra4 71. Rb3 Rc4 72. Rd3 Ra4 73.
Kh3 Rb4 74. Rd5 Ra4 75. Rc5 Rb4 76. Rc3 Ra4 77. Rb3 Rd4 78. Kg3 Rc4 79. Rb6+ Kh5 80. Rb5+ Kh6 81. Rg5 Rc3+ 82. Kg2 Rc4 83. Kh3 Rc3+ 84.
Kh2 Rc4 85. Kh3 Rc3+ 86. Rg3 Rxg3+ 87. Kxg3 Kh5 88. Kh3 Kg6 89. Kg4 h5+ 90. Kf4 Kf6 91. Ke4 Ke6 92. Kf4 Kf6 93. Kf3 Kf5 94. Kg3 Ke4 95.
Kh3 Kf4 96. Kh2 Kg4 97. Kg2 Kxh4 98. Kh2 Kg4 99. Kh1 h4 100. Kg1 h3 101. Kh1 Kg3 102. Kg1 h2+ 103. Kh1 Kh3 1/2-1/2

[Event "Late-Titled-Tuesday-Blitz-May-07-2024"]
[Site "Chess.com"]
[Date "2024.05.07"]
[Round "6"]
[White "DanielDardha2005"]
[Black "Arek_pacitan"]
[Result "0-1"]
[WhiteElo "2881"]
[BlackElo "2749"]
[TimeControl "180+1"]
[EndTime "15:08:19 PDT"]
[Termination "Arek_pacitan won by resignation"]

1. e4 c5 2. Nf3 Nc6 3. Bb5 e6 4. O-O Nge7 5. Re1 a6 6. Bf1 Ng6 7. c4 Be7 8. d4 cxd4 9. Nxd4 O-O 10. Be3 Bf6 11. Nc3 d6 12. Qd2 Qc7 13. Rad1 Rd8 14. b3 Bd7 15. Nxc6 Bxc6 16. Bg5 Bxg5 17. Qxg5 b5 18.
cxb5 axb5 19. Nxb5 Bxb5 20. Bxb5 Rxa2 21. Qe3 Rb8 22. Bf1 Qb6 23. Qg3 Ne5 24. Re3 h5 25. h3 g6 26. Bc4 Rc8 27. Kh2 Rc2 28. Qf4 Ra8 29. Re2 Rxe2 30. Bxe2 Ra2 31. Rd2 Rxd2 32. Qxd2 Qxf2 33. Qd1 Qf4+ 34. Kh1 Qxe4 35. Qd2 Qb1+ 36. Bd1 d5 37. Kh2 h4 38. Bc2 Qf1 39. Qe3 Qf6 40. Kg1 d4 41. Qe4 Qg5 42. b4 Qc1+ 43. Kh2 Qe3 44. b5 Qg3+ 45. Kg1 d3 46. Bd1 d2 47. Kf1 Nd3 48. Ke2 Nf2 49. Qf3 Qe5+ 50. Kxd2 Qd4+ 51. Ke2 Nxd1 52. Qa8+ Kg7 53.
Qc6 Nc3+ 54. Kf3 Qd3+ 55. Kf4 Ne2+ 56. Ke5 Qf5+ 57. Kd6 Qf4+ 58. Ke7 Qe3 59. b6 Qe5 60.
Qc7 Qf6+ 61. Ke8 Nf4 62. b7 Nd5 63. Qd6 Qb2 64. b8=Q Qa2 65. Qe5+ Nf6+ 66. Ke7 Qa3+ 67. Qbd6 Qa7+ 68. Qc7 Qxc7+ 69. Qxc7 Nd5+ 70. Kd6 Nxc7 71. Kxc7 Kf6 72. Kd6 Kf5 73. Ke7 f6 74. Kd6 g5 75.
Kc5 e5 76. Kd5 Kf4 77. Ke6 e4 78. Kxf6 e3 79. g4 e2 80. Kg6 e1=Q 81. Kh5 Qg3 0-1

[Event "Late-Titled-Tuesday-Blitz-May-07-2024"]
[Site "Chess.com"]
[Date "2024.05.07"]
[Round "6"]
[White "eljanov"]
[Black "Mackster23"]
[Result "1-0"]
[WhiteElo "2861"]
[BlackElo "2587"]
[TimeControl "180+1"]
[EndTime "15:08:23 PDT"]
[Termination "eljanov won by resignation"]

1. d4 Nf6 2. c4 e6 3. Nc3 Bb4 4. e3 O-O 5. Bd3 d5 6. a3 Bxc3+ 7. bxc3 dxc4 8. Bxc4 c5 9. Nf3 Qc7 10. Be2 b6 11.
O-O Ba6 12. Bb2 Bxe2 13. Qxe2 Ne4 14. c4 Nd7 15. Rac1 Rac8 16. Rfd1 Rfd8 17. d5 exd5 18. cxd5 Qd6 19. Rc4 Re8 20. Qc2 Ndf6 21. Nd2 Nxd2 22.
Rxd2 Nd7 23. Rg4 g6 24. e4 f5 25. Rh4 fxe4 26. Rxe4 Rxe4 27. Qxe4 Nf6 28. Qe6+ Qxe6 29. dxe6 Ne8 30. Rd7 Rc6 31. e7 Re6 32. f4 a5 33. Rb7 Kf7 34. Be5 Rc6 35. a4 c4 36.
Bc3 Nd6 37. Rd7 Ke8 38. Ra7 Ne4 39. Bb2 c3 40. Ba3 Rc8 41. Kf1 Nd2+ 42. Ke2 Nc4 43. Bc1 Nd6 44. Kd3 Nf5 45. Rb7 Nxe7 46. Rxb6 Nd5 47.
Rb5 Nb4+ 48. Ke4 c2 49. Rxa5 Na2 50. Bd2 c1=Q 51. Bxc1 Nxc1 52. Ra7 Nb3 53. Rxh7 Nc5+ 54. Kd5 Nxa4 55. Rh8+ Kd7 56. Rxc8 Kxc8 57. Ke6 Nc5+ 58.
Kf6 Nd3 59. g3 Kd7 60. Kxg6 Ke7 61. h4 Nc5 62. h5 Kf8 63. g4 Ne6 64. f5 Nf4+ 65. Kg5 Nh3+ 66. Kf6 Nf2 67. g5 Ng4+ 68. Ke6 Ne3 69. f6 Ng2 70. Kf5 Nh4+ 71. Ke5 Nf3+ 72.
Kf4 Nd4 73. g6 Ne6+ 74. Ke4 Ng5+ 75. Kf5 Nf3 76. h6 Nh4+ 77. Kg5 Nf3+ 78. Kf4 Nh4 79. Kg5 Nf3+ 80. Kh5 Kg8 81. h7+ Kh8 82. f7 Kg7 83.
f8=Q+ Kxf8 84. h8=Q+ Ke7 85. Qg7+ Ke6 86. Qf7+ 1-0

[Event "Late-Titled-Tuesday-Blitz-May-07-2024"]
[Site "Chess.com"]
[Date "2024.05.07"]
[Round "6"]
[White "ReadySkate"]
[Black "crescentmoon2411"]
[Result "1/2-1/2"]
[WhiteElo "2719"]
[BlackElo "2879"]
[TimeControl "180+1"]
[EndTime "15:08:25 PDT"]
[Termination "Game drawn by repetition"]

1. d4 d5 2. c4 e6 3. Nc3 a6 4. e4 dxe4 5. Nxe4 Bb4+ 6. Nc3 c5 7.
a3 Bxc3+ 8. bxc3 Nf6 9. Nf3 O-O 10.
Bd3 Nc6 11. O-O h6 12. h3 Qa5 13. Qc2 Rd8 14. Be3 Bd7 15. Rab1 cxd4 16. cxd4 Qxa3 17. Bd2 Qd6 18. Bc3 b5 19. cxb5 axb5 20. Bxb5 Rdc8 21. Qd3 Nd5 22. Bd2 Nce7 23. Bxd7 Qxd7 24. Ne5 Qe8 25. Rb7 Rc7 26. Rfb1 Rxb7 27. Rxb7 f6 28. Ng4 Nf5 29. Qe4 Qc6 30. Rb1 Rc8 31. Re1 Re8 32. Rc1 Qd7 33. Rb1 h5 34. Ne3 Nfxe3 35. Bxe3 Nc3 36. Rb7 Nxe4 37. Rxd7 Nc3 38. g4 hxg4 39. hxg4 Nd5 40. Kg2 Re7 41. Rd6 Kf7 42. Kf3 Ra7 43. Rc6 Rb7 44.
Rc5 Ke7 45. Ra5 Kd6 46. Ke4 Ke7 47. Ra6 Kf7 48. Ra8 Rc7 49. g5 f5+ 50. Ke5 Rd7 51. Ra6 Nb4 52. Ra3 Nc6+ 53. Kf4 Nxd4 54. Kg3 Ne2+ 55.
Kg2 Nd4 56. Rd3 e5 57. f3 Ke6 58. f4 Nc6 59. Rc3 Ne7 60. fxe5 Nd5 61. Rb3 Kxe5 62.
Bc5 f4 63. Kf3 Kf5 64. Bd4 Ne7 65. Rb5+ Nd5 66. Bxg7 Kxg5 67. Be5 Kg6 68. Bxf4 Nf6 69. Rb6 Kf7 70. Be3 Rd3 71. Rb7+ Kg6 72. Ke2 Ra3 73. Rb6 Kf5 74. Rb5+ Ke6 75. Rb6+ Kf5 76. Rb5+ Ke6 77. Rb6+ Kf5 1/2-1/2

[Event "Late-Titled-Tuesday-Blitz-May-07-2024"]
[Site "Chess.com"]
[Date "2024.05.07"]
[Round "6"]
[White "CarlosjPineror"]
[Black "Byniolus"]
[Result "0-1"]
[WhiteElo "2651"]
[BlackElo "2833"]
[TimeControl "180+1"]
[EndTime "15:08:26 PDT"]
[Termination "Byniolus won by resignation"]

1. e4 d6 2. d4 Nf6 3. Nc3 c6 4. a4 a5 5. h3 Nbd7 6. Nf3 e5 7. Bc4 Be7 8. O-O O-O 9. Re1 h6 10. dxe5 Nxe5 11. Nxe5 dxe5 12. Be3 Bb4 13. Qxd8 Rxd8 14. f3 Be6 15. Bf1 Nd7 16. Red1 Bc5 17.
Kf2 Kf8 18. Rd2 Bxe3+ 19. Kxe3 Nc5 20. Rad1 Rxd2 21. Rxd2 Ke7 22. b3 g6 23. g4 Rh8 24. h4 f6 25. Rh2 h5 26. Be2 Bf7 27. gxh5 Rxh5 28. Kf2 Rh8 29. Rh1 g5 30. Kg3 Ne6 31. Rh2 gxh4+ 32. Rxh4 Rxh4 33. Kxh4 Nd4 34.
Bd1 Kd6 35. Kg3 Kc5 36. Kf2 Kb4 37. Nb1 Kc5 38. Ke3 b5 39. Nc3 Bh5 40. Na2 bxa4 41. bxa4 Bf7 42. Nc3 Kb4 43. Nb1 Kxa4 44. c3+ Nb3 45. Kd3 Kb5 46. Bxb3 Bxb3 47. Nd2 a4 48.
Nb1 Kc5 49. Na3 Bf7 50. Ke3 Bh5 51. Kf2 Kd6 52. Ke3 Bg6 53. f4 Kc5 54. f5 Bh5 55. Kd3 Bf7 56. Ke3 Bb3 57. Kd3 Kd6 58. Ke3 Ke7 59.
Kf3 Kf7 60. Kg4 Kg7 61. Kh4 Kh6 62. Kg4 Bd1+ 63. Kg3 Kg5 64. Nc4 Bb3 65. Na3 Ba2 66.
Kf3 Bf7 67. Ke3 Kg4 68. Nc2 Kg3 69. Na3 Bb3 70. c4 c5 71. Kd3 Kf3 72. Nb5 Kf4 73. Na3 Ba2 74. Nb5 Bb1+ 75. Kc3 Bxe4 76. Nd6 Bxf5 77.
Nb7 e4 78. Nxc5 e3 79. Nxa4 Kf3 80. Nb2 e2 81. Kd2 Kf2 0-1

[Event "Late-Titled-Tuesday-Blitz-May-07-2024"]
[Site "Chess.com"]
[Date "2024.05.07"]
[Round "6"]
[White "DeTimmerman"]
[Black "Albertu"]
[Result "1-0"]
[WhiteElo "2761"]
[BlackElo "2549"]
[TimeControl "180+1"]
[EndTime "15:08:26 PDT"]
[Termination "DeTimmerman won on time"]

1. b4 e5 2. Bb2 e4 3. e3 Nf6 4. a3 a5 5. b5 d5 6. Ne2 Be7 7. Nd4 O-O 8. c4 dxc4 9. Bxc4 Nbd7 10. h3 Nc5 11. Nc3 a4 12. O-O Bd6 13. f4 Qe7 14.
Qc2 Bd7 15. Rae1 c6 16. bxc6 bxc6 17. Rb1 Nh5 18. Nce2 Qh4 19. Bc3 Ng3 20. Rf2 Nxe2+ 21. Nxe2 Rab8 22. Bb4 Qe7 23. Rbf1 Nd3 24. Bxd3 exd3 25.
Qxd3 Bxb4 26. axb4 Rxb4 27. Ra1 Be6 28. Nd4 Bd5 29.
Qa6 c5 30. Nc6 Bxc6 31. Qxc6 Rfb8 32. Rxa4 Rb1+ 33. Kh2 h5 34. Ra8 h4 35. Rxb8+ Rxb8 36. Qf3 Rd8 37. Qg4 Qf6 38. Kg1 Rd3 39. Re2 g6 40.
Kf2 Kg7 41. Qf3 c4 42. Qe4 Qe6 43. Qxe6 fxe6 44. Kf3 c3 45. dxc3 Rxc3 46. Kg4 Kf6 47. Kxh4 e5 48. Kg4 Rc4 49. Kf3 e4+ 50. Kg4 Rc3 51.
h4 Rb3 52. h5 gxh5+ 53. Kxh5 Rb1 54. Kg4 Rg1 55. Kg3 Kf5 56. Rd2 Re1 57. Rd5+ Kf6 58.
Kf2 Rb1 59. Re5 Rb2+ 60. Kg1 Rb4 61. Kh2 Ra4 62. g4 Ra2+ 63. Kg3 Ra4 64. g5+ Kg6 65.
Kg4 Ra1 66. Re6+ Kf7 67. Rxe4 Rg1+ 68. Kf5 Kg7 69. Re7+ Kf8 70. Kf6 Ra1 71. e4 Ra6+ 72. Re6 Ra7 73. g6 Rf7+ 74. Kg5 Ra7 75. f5 Kg7 76. Re7+ Rxe7 77. f6+ Kf8 78. fxe7+ Kxe7 79. Kh6 1-0

[Event "Late-Titled-Tuesday-Blitz-May-07-2024"]
[Site "Chess.com"]
[Date "2024.05.07"]
[Round "6"]
[White "Kirill_Klukin"]
[Black "vladgoncharov"]
[Result "1/2-1/2"]
[WhiteElo "2818"]
[BlackElo "2591"]
[TimeControl "180+1"]
[EndTime "15:08:29 PDT"]
[Termination "Game drawn - insufficient material"]

1. d4 Nf6 2. Nf3 e6 3. e3 c5 4. Bd3 Nc6 5. O-O d5 6. b3 Qc7 7. a3 e5 8. dxe5 Nxe5 9. Bb2 Bd6 10. Nxe5 Bxe5 11. Bxe5 Qxe5 12. Nd2 O-O 13. Nf3 Qe7 14. h3 b6 15. Qe2 Bb7 16. Ba6 Bxa6 17. Qxa6 Rad8 18. a4 Ne4 19. a5 Rd6 20. axb6 axb6 21. Qa7 Qf6 22. Ra6 h6 23. Rfa1 Ng5 24. Nxg5 hxg5 25.
Qc7 d4 26. exd4 Qxd4 27. Qe7 Rf6 28. Qe2 g6 29. R6a4 Qd8 30. Rd1 Rd6 31. Re1 Qf6 32. Re4 Kg7 33. Qe3 Rfd8 34. g3 Rd4 35. Rxd4 Rxd4 36.
Kg2 Qc6+ 37. Qf3 Qxf3+ 38. Kxf3 Rd2 39. Re2 Rd1 40. Ke3 Kf6 41. Kf3 Rd4 42. Re3 Rd2 43. c4 Rd4 44. Ke2 Kf5 45. Rf3+ Ke6 46. Re3+ Kd6 47. Re8 Kd7 48. Rf8 Ke7 49. Rb8 Rd6 50. Ke3 Ke6 51. Ke4 f5+ 52. Ke3 Kf6 53. Ke2 Ke6 54. Ke3 Kf6 55. Rb7 Ke6 56. Ke2 Kf6 57. Kf1 Ke6 58. Kg2 Kf6 59. g4 f4 60.
Kf1 Ke6 61. Ke2 Ke5 62. Re7+ Kf6 63. Re8 Kf7 64. Rb8 Kf6 65. Re8 Kf7 66. Re4 Kf6 67.
f3 Rd1 68. Re8 Rb1 69. Rc8 Rxb3 70. Rc6+ Ke5 71. Rxg6 Re3+ 72. Kf2 Kd4 73. Rxb6 Kxc4 74. h4 gxh4 75. g5 Re5 76. g6 Rg5 77. Rf6 Kd3 78. Rxf4 Rxg6 79. Rxh4 c4 80. Rh8 c3 81. Rd8+ Kc4 82.
Rc8+ Kd3 83. f4 Rf6 84. Kf3 Kd2 85. Kg4 c2 86. Kg5 Rxf4 87. Kxf4 c1=Q 88. Rxc1 Kxc1 1/2-1/2

[Event "Late-Titled-Tuesday-Blitz-May-07-2024"]
[Site "Chess.com"]
[Date "2024.05.07"]
[Round "6"]
[White "K_A_S_T_O_R"]
[Black "Sanan_Sjugirov"]
[Result "0-1"]
[WhiteElo "2829"]
[BlackElo "3029"]
[TimeControl "180+1"]
[EndTime "15:08:30 PDT"]
[Termination "Sanan_Sjugirov won by checkmate"]

1. e4 c5 2. Nf3 Nc6 3. d4 cxd4 4. Nxd4 e5 5. Nb3 Nf6 6. Bg5 Bb4+ 7. c3 Be7 8. Bxf6 Bxf6 9. Na3 d6 10. Nc4 Be7 11.
Ne3 O-O 12. Bc4 Bg5 13. Nd5 Be6 14. O-O Kh8 15. Qe2 a6 16. a4 Rc8 17. a5 Ne7 18. Nb6 Rc6 19. Ra4 Ng6 20. g3 Bh3 21. Rd1 f5 22. exf5 Bxf5 23. Bd5 Rc7 24. Be4 Bxe4 25.
Qxe4 Rcf7 26. Rf1 Rf3 27. Nd5 Qd7 28. Rc4 Bd8 29. Nd2 R3f7 30. b4 Qe6 31. Qd3 Ne7 32.
Nxe7 Bxe7 33. Rc7 d5 34. Rxb7 e4 35. Qe2 Qc8 36. Qxa6 Bxb4 37. Rxf7 Qxa6 38. Rxf8+ Bxf8 39. Nb3 Qb5 40. Rb1 h6 41. Kg2 e3 42. fxe3 Qe2+ 43. Kh3 Qc2 44. Rf1 Qxb3 45. Rxf8+ Kh7 46. a6 Qa4 47.
Ra8 Qc6 48. Ra7 Qxc3 49. Ra8 Qxe3 50. a7 Qe6+ 51. Kg2 Qe2+ 52. Kh3 Qa6 53. Kg4 d4 54.
Kf4 d3 55. Ke3 d2 56. Kxd2 Qd6+ 57. Ke1 Qe5+ 58. Kf2 Qd4+ 59. Kf1 Qd1+ 60. Kf2 Qd2+ 61. Kf1 Qa2 62. Rf8 Qxa7 63. Rf2 Qb7 64. Kg1 Kg6 65.
h3 Kg5 66. Kh2 Qb6 67. Kg2 h5 68. h4+ Kg6 69. Rf4 Qc6+ 70. Kh2 Qc2+ 71. Kh3 Qe2 72. Rf8 Qe6+ 73. Kh2 Qe2+ 74. Kh3 Kh7 75. Rf4 g6 76.
Rf7+ Kg8 77. Rf4 Kg7 78. Ra4 Qf1+ 79. Kh2 Qf2+ 80. Kh3 Qg1 81. Ra2 Kf6 82. Rg2 Qh1+ 83. Rh2 Qf3 84. Rg2 g5 85. hxg5+ Kxg5 86. Kh2 Kg4 87. Rg1 Qf2+ 88. Rg2 Qf1 89. Rg1 Qh3# 0-1

[Event "Late-Titled-Tuesday-Blitz-May-07-2024"]
[Site "Chess.com"]
[Date "2024.05.07"]
[Round "6"]
[White "Ajedrez_con_German"]
[Black "Der_Balak_3Halak"]
[Result "1/2-1/2"]
[WhiteElo "2587"]
[BlackElo "2401"]
[TimeControl "180+1"]
[EndTime "15:08:32 PDT"]
[Termination "Game drawn - insufficient material"]

1. d4 d5 2. Nf3 Nf6 3. Bf4 Bf5 4. e3 e6 5. Bd3 Bg6 6. Ne5 Bd6 7. O-O Nbd7 8. c4 Bxd3 9. Qxd3 O-O 10. Nxd7 Qxd7 11. Bxd6 Qxd6 12. Nc3 c6 13. Rab1 a5 14. a3 Rfd8 15.
Rfc1 Ng4 16. g3 e5 17. cxd5 cxd5 18. Qe2 h5 19. Nb5 Qf6 20. dxe5 Nxe5 21. Nd4 h4 22. Rc7 Qg6 23. Rbc1 Nd3 24. Rd1 Ne5 25. Rdc1 b6 26.
R7c2 Nd3 27. Rd1 Nc5 28. Nf3 hxg3 29. hxg3 Ne4 30. Rdc1 Qh5 31. Nd4 Qh3 32. Qf1 Qg4 33. Qg2 Rd6 34. Rc6 Rad8 35. Rxd6 Rxd6 36. Qf3 Qh3 37.
Qf5 Qxf5 38. Nxf5 Rf6 39. Ne7+ Kh7 40. Nxd5 Rxf2 41. Rc4 Rd2 42. Rxe4 Rxd5 43. Re7 Rd1+ 44. Kf2 Rd2+ 45. Kf3 Kg6 46. b4 axb4 47. axb4 Rb2 48. Re4 f5 49. Rc4 b5 50. Rd4 Kf6 51. g4 g6 52.
gxf5 gxf5 53. Kf4 Rf2+ 54. Kg3 Rc2 55. Rd5 Rc3 56. Kf3 f4 57. Kxf4 Rc4+ 58. e4 Rxb4 59. Rd6+ Ke7 60. Rb6 Rb1 61. Ke5 Kd7 62. Rb7+ Kc6 63. Rb8 b4 64. Ke6 Kc7 65. Rb5 Kc6 66. Rb8 Kc7 67. Rh8 b3 68. e5 b2 69. Rh2 Kd8 70.
Rd2+ Ke8 71. Rc2 Kf8 72. Rd2 Ke8 73. Rg2 Kf8 74. Rh2 Kg7 75. Rf2 Kg6 76. Rg2+ Kh5 77. Rc2 Kg6 78. Ke7 Re1 79. Rxb2 Rxe5+ 80. Kd6 Rg5 81.
Rd2 Rf5 82. Kc6 Rf6+ 83. Rd6 Rxd6+ 84. Kxd6 1/2-1/2

[Event "Late-Titled-Tuesday-Blitz-May-07-2024"]
[Site "Chess.com"]
[Date "2024.05.07"]
[Round "6"]
[White "shirovin"]
[Black "emeli_chess"]
[Result "1/2-1/2"]
[WhiteElo "2103"]
[BlackElo "2439"]
[TimeControl "180+1"]
[EndTime "15:08:34 PDT"]
[Termination "Game drawn by repetition"]

1. e4 c5 2. Nf3 d6 3. d4 cxd4 4.
Nxd4 Nf6 5. Nc3 a6 6. Bg5 e6 7. f4 Nbd7 8. Qf3 Qc7 9. O-O-O b5 10. g4 Bb7 11. Bxf6 Nxf6 12. g5 Nd7 13. f5 e5 14. Nde2 h6 15. h4 hxg5 16. hxg5 Rxh1 17. Qxh1 O-O-O 18. Nd5 Bxd5 19. Rxd5 Nb6 20. Rd3 Kb8 21.
Nc3 Rc8 22. Qg2 Be7 23. Nd5 Nxd5 24. Rxd5 Bxg5+ 25. Kb1 f6 26. a4 Ka7 27. axb5 Rb8 28. Qf2+ Qb6 29. Qxb6+ Rxb6 30. bxa6 Be3 31. c3 Kb8 32.
Rb5 Rxb5 33. Bxb5 Kc7 34. Kc2 Ba7 35. Kd3 Kb6 36. Kc4 Bb8 37. Kb4 Bc7 38. c4 Bd8 39.
Kc3 Be7 40. b4 Bf8 41. Kd3 Be7 42. Kc3 Bf8 43. Kb3 Be7 44. Ka4 Bf8 45. Bd7 Be7 46. b5 Bf8 47. Bc6 Be7 48. Kb3 Bf8 49. Bd5 Be7 50. Kc2 Bd8 51. Kd3 Bc7 52. Ke3 Bb8 53. Kf3 Ba7 54. Kg4 Kc7 55. Kh5 Kd8 56. Kg6 Ke7 57. Kxg7 Bb6 58. Kg6 Ba7 59. Kh5 Bc5 60.
Kg4 Kd8 61. Kf3 Kc7 62. Bc6 Kd8 63. Kg4 Ke7 64. Kf3 Kd8 65. Ke2 Kc7 66. Kd3 Kd8 67. Kc2 Kc7 68. Kb3 Kb6 69. Ka4 Be3 70. Bd7 Bc5 71.
Be6 Bd4 72. Kb3 Bc5 73. Kc3 Kc7 74. Kd3 Kd8 75. Bf7 Ke7 76. Bg6 Kd8 77. Ke2 Ke7 78. Kf3 Kd8 79. Kg4 Ke7 80. Kh5 Bb6 81. Kh6 Bc5 82. Kg7 Bb6 83. Bf7 Bc5 84. Be6 Bb6 85. c5 Bxc5 86. Bd5 Bb6 87. Bc6 Bc5 88. Kg6 Bb6 89.
Kg7 Bc5 90. Kg8 Bb6 91. Kg7 1/2-1/2